Unix NetHack Version 3.7.0-95 Work-in-progress - last build Jan 1 2024 20:51:50 (6a0ccc5fa2390e420dd2d488a2f9488d2ae3a63b,branch:master). Game began 2024-01-06 16:41:30, ended 2024-01-06 17:30:52. elenmirie, lawful female human Knight --- ----------- --- -.- ....... ..- . . -...@.# ...| .- . |.... {.. .- . |.@- ..#.. .- -- -- |.G| .... .| --- |. .. --+-..| -...- -.| --.. |^- --|---..h..-+-- |...| |.| --..- |.| |.............| |...+ |.| |...-- |.| |...{..------+- |...----.|----....-----.| | -+--......|.((| ----|........|.....|....--..-- -...........%)-.((| |...|..........------......<.- -+---+--..|.(.|--|...|..-----...| --..--....| |..-----..|...|..| ..|...| ------..-- |.........--|--..-...|.... ---- |................|...|...... |................|---|..--..- --------..-------- |..| --- ---- ---- Elenmirie the Bachelor St:14 Dx:12 Co:13 In:9 Wi:14 Ch:17 Lawful Dlvl:7 $:326 HP:0(38) Pw:36(36) AC:2 Xp:6/489 T:5883 Hungry Burdened Latest messages: You hear crashing rock. You hear a door open. You hear a door open. You hear a door open. You hear a door open. You hear the chime of a cash register. The gnome lord hits! You hit the gnome lord! The gnome lord hits! The gnome hits! The gnome lord misses! You kill the gnome lord! You hear a door open. The gnome hits! You kill the gnome! What do you want to drink? [jqtxACEKMS or ?*] ? You feel better. You hear crashing rock. You kill the gnome! You stop. The watchman is in the way! The gnome wields a rusty aklys! You kill the gnome! You see here a rusty aklys. You hear a chugging sound. The dwarf picks up a rusty aklys. You kill the gnome! The gnome hits! You kill the gnome! You are beginning to feel hungry. You hear a door open. The bag is empty. You have a little trouble lifting U - an empty bag. What do you want to call? [eijqtxyA-CEFKMNPR-U or ?*] U Call a bag: bag 1 You have a little trouble lifting V - a jade ring. You see here a gnome corpse. The gnome queen drinks a murky potion! The gnome queen is suddenly moving faster. The dwarf wields a dwarvish short sword! The watch captain drinks a yellow potion! The watch captain seems more experienced. You hit the gnome queen! The gnome queen hits! The gnome queen hits! You die... Do you want your possessions identified? [ynq] (y) y Do you want to see your attributes? [ynq] (y) y Do you want an account of creatures vanquished? [ynaq] (y) y Do you want to see your conduct and achievements? [ynq] (y) y Do you want to see the dungeon overview? [ynq] (y) y Inventory: Coins $ - 326 gold pieces Amulets i - an uncursed amulet of reflection (being worn) Weapons a - the blessed rustproof +1 Excalibur (weapon in right hand) b - an uncursed +1 lance (alternate weapon; not wielded) Armor d - an uncursed +0 helmet (being worn) f - an uncursed +0 pair of leather gloves (being worn) k - an uncursed +0 small shield (being worn) v - an uncursed +0 elven cloak (being worn) c - an uncursed +1 ring mail (being worn) Comestibles g - 11 uncursed apples h - 11 uncursed carrots L - 3 uncursed food rations J - an uncursed tripe ration Scrolls F - a blessed scroll of enchant armor R - a cursed scroll of identify N - 2 uncursed scrolls of light Spellbooks O - an uncursed spellbook of detect unseen Potions j - an uncursed potion of confusion x - a blessed potion of extra healing C - an uncursed potion of extra healing K - an uncursed potion of gain energy S - an uncursed potion of hallucination q - an uncursed potion of healing t - an uncursed potion of paralysis E - an uncursed potion of polymorph M - an uncursed potion of sickness A - an uncursed potion of sleeping Rings T - a blessed +1 ring of adornment V - an uncursed ring of polymorph control y - an uncursed ring of regeneration Wands B - an uncursed wand of polymorph (0:4) Tools U - an empty uncursed bag of holding e - an uncursed skeleton key Gems/Stones P - an uncursed luckstone Elenmirie the Knight's attributes: Background: You were a Bachelor, a level 6 female human Knight. You were lawful, on a mission for Lugh who was opposed by Brigit (neutral) and Manannan Mac Lir (chaotic). You were right-handed. You were in the Gnomish Mines, on level 7. You entered the dungeon 5883 turns ago. You had 489 experience points, 151 more were needed to attain level 7. Basics: You had 0 out of 38 hit points. You had all 36 energy points (spell power). Your armor class was 2. Your wallet contained 326 zorkmids. Autopickup was on for '$' plus thrown. Final Characteristics: Your strength was 14 (limit:18/100). Your dexterity was 12 (limit:18). Your constitution was 13 (limit:18). Your intelligence was 9 (limit:18). Your wisdom was 14 (peak:15, limit:18). Your charisma was 17 (limit:18). Final Status: You were hungry. You were burdened; movement was slightly slowed. You were wielding a long sword. You were skilled in long sword. Final Attributes: You were piously aligned. You were level-drain resistant. You were telepathic. You had automatic searching. You were stealthy. You could jump. You were warded. You had reflection. You were lucky. You had extra luck. Bad luck did not time out for you. Good luck did not time out for you. You are dead. Miscellaneous: You never encountered a bones level. Total elapsed playing time was 49 minutes and 20 seconds. Major events: Turn 1: elenmirie the lawful female human Knight entered the dungeon 935: attained the rank of Esquire (level 3) 2575: entered the Gnomish Mines 5454: attained the rank of Bachelor (level 6) 5534: had Excalibur thrown at them by some watery tart 5780: reached Mine Town 5883: killed by a gnome queen Vanquished creatures: a blue jelly a rock piercer a rock mole a pony a fog cloud 2 yellow lights a gnome leader a kobold mummy 2 little dogs 4 floating eyes 4 rothes a rabid rat a giant bat an orc zombie 3 dwarf zombies a werejackal 3 iguanas an acid blob 2 coyotes a gas spore 3 hobgoblins 3 giant rats 4 cave spiders 2 brown molds a yellow mold 2 red molds 15 gnomes 2 garter snakes a gnome zombie 4 geckos 5 jackals 5 foxes 2 kobolds 7 goblins 5 sewer rats 9 grid bugs a bat 5 lichens a kobold zombie 8 newts 118 creatures vanquished. No species were genocided or became extinct. Voluntary challenges: You read items or engraved 2 times. You never engraved Elbereth. You never genocided any monsters. You never polymorphed an object. You never changed form. You used no wishes. Achievements: You entered a shop. You attained the rank of Esquire. You entered the Gnomish Mines. You attained the rank of Bachelor. You entered Minetown. The Dungeons of Doom: levels 1 to 5 Level 1: Level 2: An altar to Lugh. Level 3: An altar, a fountain. Stairs down to The Gnomish Mines. Level 4: A fountain. Level 5: Many fountains. Oracle of Delphi. The Gnomish Mines: levels 4 to 7 Level 4: Level 5: Level 7: <- You were here. Some fountains, some trees. Final resting place for you, killed by a gnome queen. Game over: ---------- / \ / REST \ / IN \ / PEACE \ / \ | elenmirie | | 326 Au | | killed by a | | gnome queen | | | | | | 2024 | *| * * * | * _________)/\\_//(\/(/\)/\//\/|_)_______ Fare thee well elenmirie the Knight... You died in The Gnomish Mines on dungeon level 7 with 2560 points, and 326 pieces of gold, after 5883 moves. You were level 6 with a maximum of 38 hit points when you died.